 Dungeon Crawl Stone Soup version 0.31-a0-187-gba352fbbf7 (webtiles) character file.

Game seed: 16317130035354857455

7066 brknglss the Charlatan (level 11, -2/86 HPs)
             Began as a Gnoll Wanderer on June 23, 2023.
             Was an Elder of Dithmenos.
             Killed from afar by a gargoyle (17 damage)
             ... with a stone arrow
             ... on level 10 of the Dungeon.
             The game lasted 00:35:43 (9491 turns).

brknglss the Charlatan (Gnoll Wanderer)             Turns: 9491, Time: 00:35:44

Health: -2/86      AC: 15    Str:  9    XL:     11   Next: 9%
Magic:  21/21      EV: 21    Int: 24    God:    Dithmenos [****..]
Gold:   490        SH:  0    Dex: 19    Spells: 13/23 levels left

rFire   . . .        K - +4 short sword
rCold   x . .        (no shield)
rNeg    . . .        J - +5 steam dragon scales
rPois   .            x - +0 helmet
rElec   .            D - +2 cloak {Will+}
rCorr   +            (no gloves)
SInv    +            (no boots)
Will    +....        (no amulet)
Stlth   +++++        u - +5 ring of evasion
HPRegen 0.34/turn    B - ring of Jimask {rC- rCorr Int+7 Dex+6 SInv}
MPRegen 0.17/turn

%: no passive effects
@: hasted, wreathed by umbra, very quick
A: fangs 1, strong nose, distributed training
a: Renounce Religion, Shadow Step


You were on level 10 of the Dungeon.
You worshipped Dithmenos.
Dithmenos was greatly pleased with you.
You visited 1 branch of the dungeon, and saw 10 of its levels.
You also visited: Sewer.

You collected 655 gold pieces.
You spent 165 gold pieces at shops.

Inventory:

Hand Weapons
 C - a +2 quarterstaff of chaos
 K - a +4 short sword (weapon)
Missiles
 b - 48 poisoned darts
 y - 5 javelins
Armour
 p - a +0 buckler
 x - a +0 helmet (worn)
 D - a +2 cloak of willpower (worn)
 E - a +0 troll leather armour {Pargi}
 J - +5 steam dragon scales (worn)
Jewellery
 n - a ring of flight
 u - a +5 ring of evasion (left hand)
 B - the ring of Jimask (right hand) {rC- rCorr Int+7 Dex+6 SInv}
   (You bought it in a shop on level 3 of the Dungeon)

   [ring of dexterity]

   Int:       It affects your intelligence (+7).
   Dex:       It affects your dexterity (+6).
   rC:        It makes you vulnerable to cold.
   SInv:      It lets you see invisible.
   rCorr:     It protects you from acid and corrosion.
 H - a ring of protection from fire
Wands
 z - a wand of digging (2)
 F - a wand of paralysis (8)
 I - a wand of flame (5)
Scrolls
 c - 2 scrolls of fear
 h - 5 scrolls of teleportation
 j - 2 scrolls of amnesia
 k - 2 scrolls of vulnerability
 l - a scroll of poison
 r - a scroll of summoning {unknown}
 s - 3 scrolls of immolation
 t - a scroll of blinking {unknown}
 A - 2 scrolls of revelation {unknown}
 G - a scroll of brand weapon {unknown}
Potions
 d - 2 potions of attraction
 f - 4 potions of haste
 g - 3 potions of might
 i - 7 potions of curing
 m - 3 potions of lignification
 q - 2 potions of mutation
Miscellaneous
 e - a phial of floods


   Skills:
 + Level 7.8 Fighting
 + Level 6.2 Short Blades
 + Level 6.2 Long Blades
 + Level 6.2 Axes
 + Level 6.2 Maces & Flails
 + Level 6.2 Polearms
 + Level 6.2 Staves
 + Level 6.2 Ranged Weapons
 + Level 6.7 Throwing
 + Level 6.2 Armour
 + Level 6.2 Dodging
 + Level 6.6 Stealth
 + Level 6.2 Shields
 + Level 6.2 Unarmed Combat
 + Level 6.8 Spellcasting
 + Level 6.4 Conjurations
 + Level 5.1 Hexes
 + Level 5.1 Summonings
 + Level 5.1 Necromancy
 + Level 5.1 Translocations
 + Level 5.1 Transmutations
 + Level 5.1 Fire Magic
 + Level 5.1 Ice Magic
 + Level 5.1 Air Magic
 + Level 5.1 Earth Magic
 + Level 5.1 Poison Magic
 + Level 7.3 Invocations
 + Level 7.8 Evocations


You had 13 spell levels left.
You knew the following spells:

 Your Spells              Type           Power      Damage    Failure   Level
a - Magic Dart            Conj           100%       1d8       1%          1
b - Hailstorm             Conj/Ice       36%        3d9       1%          3
c - Poisonous Vapours     Pois/Air       64%        N/A       1%          2
d - Olgreb's Toxic Radia  Pois           32%        N/A       9%          4

Your spell library contained the following spells:

 Spells                   Type           Power      Damage    Failure   Level
 Beastly Appendage        Tmut           64%        N/A       1%          1
 Sting                    Tmut/Pois      100%       1d8       1%          1
 Call Imp                 Summ           64%        N/A       1%          2
 Wereblood                Tmut           32%        N/A       1%          2
 Call Canine Familiar     Summ           32%        N/A       2%          3
 Inner Flame              Hex/Fire       32%        N/A       2%          3
 Mephitic Cloud           Conj/Pois/Air  35%        N/A       2%          3
 Ozocubu's Armour         Ice            32%        N/A       2%          3
 Portal Projectile        Hex/Tloc       64%        N/A       2%          3
 Spider Form              Tmut/Pois      32%        N/A       2%          3
 Flame Wave               Conj/Fire      36%        2d10      7%          4
 Sticky Flame             Conj/Fire      36%        2d6       7%          4
 Leda's Liquefaction      Hex/Erth       16%        N/A       9%          4
 Ozocubu's Refrigeration  Ice            16%        4d11      100%        7


Dungeon Overview and Level Annotations

Branches:
Dungeon (10/15)            Temple (0/1) D:7             Orc (0/2) D:9
  Sewer (visited)
   Lair: D:8-11

Altars:
Ashenzari
Dithmenos
Elyvilon
Gozag
Kikubaaqudgha
Nemelex Xobeh
Okawaru
Qazlal
Wu Jian
Xom

Shops:
D:3 *   D:4 ![=

Annotations:
D:6 1 runed translucent door, kd29's ghost, novice HOFi


Innate Abilities, Weirdness & Mutations

You have very sharp teeth.
Your uncanny sense of smell can sniff out nearby items.
Your experience applies equally to all skills.


Message History

You hit the gargoyle but do no damage.
The gargoyle is severely damaged.
The shadow misses you.
You hit the gargoyle but do no damage.
The gargoyle is severely damaged.
The gargoyle misses you.
You hit the gargoyle but do no damage.
The gargoyle is severely damaged.
The shadow hits you.
* * * LOW HITPOINT WARNING * * *
You hit the gargoyle but do no damage.
You bite the gargoyle, but do no damage.
The gargoyle is severely damaged.
The gargoyle misses you.
You hit the gargoyle.
The gargoyle is severely damaged.
The shadow hits you.
* * * LOW HITPOINT WARNING * * *
You hit the gargoyle but do no damage.
The gargoyle is severely damaged.
The gargoyle hits you with a +0 mace!
* * * LOW HITPOINT WARNING * * *
You hit the gargoyle.
The gargoyle is almost destroyed.
You hit the gargoyle.
The gargoyle is almost destroyed.
The shadow slips into darkness.
The shadow flickers and vanishes for a moment.
You barely miss the gargoyle.
The gargoyle is almost destroyed.
The gargoyle misses you.
You hit the gargoyle but do no damage.
The gargoyle is almost destroyed.
The shadow barely misses you.
You barely miss the gargoyle.
The gargoyle is almost destroyed.
Your shadow hits the gargoyle but does no damage.
The gargoyle hurls a stone arrow at you.
The stone arrow hits you!
You die...

##......#
########......#
##.......#'#####
##............#
##...........#.#
##..............##
##................#
##.................#
#.....9@.............
......W...............
......................
......................
.......[.............
....................
...................
................


You could see a gargoyle and a shadow (invisible).

Vanquished Creatures
  A two-headed ogre (D:10)
  Maggie (D:7)
  A komodo dragon (D:10)
  An efreet (D:8)
  2 trolls
  A hornet (D:8)
  A wyvern (D:9)
  A wraith (D:9)
  2 steam dragons
  A vampire mosquito (D:8)
  2 swamp worms (D:10)
  2 water moccasins
  Pargi (Sewer)
  An ice beast (D:6)
  3 orc warriors
  A black bear (D:4)
  4 centaurs
  A phantom (D:5)
  Blork the orc (D:4)
  3 kobold brigands
  5 bullfrogs
  2 necrophages (D:4)
  A water moccasin zombie (D:4)
  6 scorpions
  8 wights
  6 killer bees (D:7)
  5 howler monkeys
  An electric eel (D:6)
  A human zombie (D:4)
  A bullfrog zombie (D:4)
  A jelly (D:6)
  3 orc priests
  2 hounds (D:6)
  Crazy Yiuf (D:3)
  A sleepcap (D:7)
  4 iguanas
  2 scorpion zombies (D:4)
  Natasha (thrice) (D:4)
  10 orc wizards
  A hound zombie (D:4)
  A mummy (D:4)
  3 gnolls (D:5)
  4 adders
  2 adder zombies (D:4)
  2 dart slugs
  35 orcs
  11 bats
  3 endoplasms (D:1)
  5 giant cockroaches
  2 goblins
  6 hobgoblins
  4 jackals
  20 kobolds
  5 quokkas
  8 ball pythons
  5 frilled lizards
  9 rats
  A spectral hobgoblin (D:3)
221 creatures vanquished.

Vanquished Creatures (others)
  An orc (D:9)
1 creature vanquished.

Grand Total: 222 creatures vanquished

Notes
Turn   | Place    | Note
-------+----------+-------------------------------------------
     0 | D:1      | brknglss the Gnoll Wanderer began the quest for the Orb.
     0 | D:1      | brknglss set off with the following items: a +0 dagger, a
                  | +0 helmet, a scroll of fear, a +0 robe, a phial of floods;
                  | and the following spell memorised: Magic Dart; and the
                  | following spells available to memorise: Hailstorm.
     0 | D:1      | Reached XP level 1. HP: 20/20 MP: 4/4
   169 | D:1      | Reached XP level 2. HP: 26/26 MP: 1/5
  1177 | D:1      | Reached XP level 3. HP: 30/31 MP: 7/7
  1694 | D:2      | Found a white marble altar of Elyvilon.
  2008 | D:3      | Learned a level 3 spell: Hailstorm
  2064 | D:3      | Reached skill level 1 in Short Blades
  2064 | D:3      | Reached skill level 1 in Long Blades
  2064 | D:3      | Reached skill level 1 in Axes
  2064 | D:3      | Reached skill level 1 in Maces & Flails
  2064 | D:3      | Reached skill level 1 in Polearms
  2064 | D:3      | Reached skill level 1 in Staves
  2064 | D:3      | Reached skill level 1 in Ranged Weapons
  2064 | D:3      | Reached skill level 1 in Armour
  2064 | D:3      | Reached skill level 1 in Dodging
  2064 | D:3      | Reached skill level 1 in Shields
  2064 | D:3      | Reached skill level 1 in Unarmed Combat
  2192 | D:3      | Found a shadowy altar of Dithmenos.
  2235 | D:3      | Became a worshipper of Dithmenos the Shadowed
  2273 | D:3      | Found a faded altar of an unknown god.
  2380 | D:3      | Reached XP level 4. HP: 38/38 MP: 5/8
  2463 | D:3      | Found Viobb's Assorted Antiques.
  2468 | D:3      | Bought a glittering copper ring for 165 gold pieces
  2468 | D:3      | Identified the ring of Jimask {rC- rCorr Int+7 Dex+6 SInv}
                  | (You bought it in a shop on level 3 of the Dungeon)
  2492 | D:3      | Found a runed translucent door.
  2493 | D:3      | Noticed Crazy Yiuf
  2751 | D:3      | Learned a level 2 spell: Poisonous Vapours
  2760 | D:3      | Killed Crazy Yiuf
  2761 | D:3      | Reached skill level 1 in Hexes
  2761 | D:3      | Reached skill level 1 in Summonings
  2761 | D:3      | Reached skill level 1 in Necromancy
  2761 | D:3      | Reached skill level 1 in Translocations
  2761 | D:3      | Reached skill level 1 in Transmutations
  2761 | D:3      | Reached skill level 1 in Fire Magic
  2761 | D:3      | Reached skill level 1 in Ice Magic
  2761 | D:3      | Reached skill level 1 in Air Magic
  2761 | D:3      | Reached skill level 1 in Earth Magic
  2761 | D:3      | Reached skill level 1 in Poison Magic
  3024 | D:4      | Found an ancient bone altar of Kikubaaqudgha.
  3063 | D:4      | Reached XP level 5. HP: 27/43 MP: 3/9
  3223 | D:4      | Noticed Blork the orc
  3240 | D:4      | Killed Blork the orc
  3241 | D:4      | Reached XP level 6. HP: 17/50 MP: 1/11
  3438 | D:4      | Reached skill level 5 in Fighting
  3438 | D:4      | Reached skill level 5 in Evocations
  3485 | D:4      | Found Eluunt's Jewellery Emporium.
  3486 | D:4      | Found Suh Kit's Antique Armour Emporium.
  3487 | D:4      | Found Veun's Distillery.
  3488 | D:4      | Found Osa Dono's Armour Emporium.
  3540 | D:4      | Noticed Natasha
  3546 | D:4      | Reached * piety under Dithmenos
  3562 | D:4      | Killed Natasha
  3625 | D:4      | Noticed Natasha
  3639 | D:4      | Killed Natasha
  3697 | D:4      | Noticed Natasha
  3712 | D:4      | Killed Natasha
  3763 | D:4      | Noticed a black bear
  3787 | D:4      | Killed a black bear
  3788 | D:4      | Reached XP level 7. HP: 38/56 MP: 3/12
  4156 | D:5      | Entered Level 5 of the Dungeon
  4174 | D:5      | Reached XP level 8. HP: 41/63 MP: 5/14
  4322 | D:5      | Found a glowing drain.
  4334 | D:5      | Reached ** piety under Dithmenos
  4350 | Sewer    | Entered a sewer
  4402 | Sewer    | Noticed Pargi
  4417 | Sewer    | Killed Pargi
  4827 | D:5      | Found an opulent altar of Gozag.
  5257 | D:6      | Reached skill level 5 in Conjurations
  5257 | D:6      | Reached skill level 5 in Invocations
  5289 | D:6      | Found a runed translucent door.
  5406 | D:6      | Reached XP level 9. HP: 69/69 MP: 13/16
  5466 | D:6      | Reached skill level 5 in Spellcasting
  5656 | D:6      | Reached skill level 5 in Throwing
  5798 | D:6      | Noticed kd29's ghost (novice HOFi)
  5865 | D:7      | Reached skill level 5 in Stealth
  5920 | D:7      | Reached *** piety under Dithmenos
  6015 | D:7      | Found a shimmering altar of Xom.
  6316 | D:7      | Found a staircase to the Ecumenical Temple.
  6657 | D:7      | Noticed Maggie
  6673 | D:7      | Killed Maggie
  6873 | D:8      | Noticed a centaur warrior
  6873 | D:8      | Noticed an efreet
  6877 | D:8      | Reached skill level 5 in Short Blades
  6877 | D:8      | Reached skill level 5 in Long Blades
  6877 | D:8      | Reached skill level 5 in Axes
  6877 | D:8      | Reached skill level 5 in Maces & Flails
  6877 | D:8      | Reached skill level 5 in Polearms
  6877 | D:8      | Reached skill level 5 in Staves
  6877 | D:8      | Reached skill level 5 in Ranged Weapons
  6877 | D:8      | Reached skill level 5 in Armour
  6877 | D:8      | Reached skill level 5 in Dodging
  6877 | D:8      | Reached skill level 5 in Shields
  6877 | D:8      | Reached skill level 5 in Unarmed Combat
  6877 | D:8      | Reached XP level 10. HP: 77/77 MP: 18/18
  6979 | D:7      | Learned a level 4 spell: Olgreb's Toxic Radiance
  7384 | D:8      | Reached **** piety under Dithmenos
  7489 | D:8      | Found a sparkling altar of Nemelex Xobeh.
  8236 | D:9      | Found a faded altar of an unknown god.
  8236 | D:9      | Found a broken altar of Ashenzari.
  8242 | D:9      | Found a faded altar of an unknown god.
  8245 | D:9      | Found an iron altar of Okawaru.
  8247 | D:9      | Found a stormy altar of Qazlal.
  8685 | D:9      | Found a staircase to the Orcish Mines.
  8701 | D:9      | Found an ornate altar of the Wu Jian Council.
  9110 | D:10     | Entered Level 10 of the Dungeon
  9169 | D:10     | Noticed a two-headed ogre
  9202 | D:10     | Killed a two-headed ogre
  9203 | D:10     | Reached skill level 5 in Hexes
  9203 | D:10     | Reached skill level 5 in Summonings
  9203 | D:10     | Reached skill level 5 in Necromancy
  9203 | D:10     | Reached skill level 5 in Translocations
  9203 | D:10     | Reached skill level 5 in Transmutations
  9203 | D:10     | Reached skill level 5 in Fire Magic
  9203 | D:10     | Reached skill level 5 in Ice Magic
  9203 | D:10     | Reached skill level 5 in Air Magic
  9203 | D:10     | Reached skill level 5 in Earth Magic
  9203 | D:10     | Reached skill level 5 in Poison Magic
  9203 | D:10     | Reached XP level 11. HP: 82/85 MP: 9/21
  9347 | D:10     | Identified the staff of the Wasteland {rC+ Str+5 Int-3 Ice}
  9491 | D:10     | Killed from afar by a gargoyle

Illustrated notes

Levels and vault maps discovered:
D:1:      tarquinn_simple_flora_water_b, layout_loops_ring, grunt_decor_fettered
D:2:      layout_loops_ring, basic_altar
D:3:      layout_rooms, grunt_dithmenos_smoke_and_mirrors, serial_shops,
          nicolae_shop_rolling_square,
          dreamdust_ecumenical_altar_drowned_temple,
          chequers_serial_rivers_micro_e, amethyst_killhole,
          minmay_misc_feat_diagonals, minmay_unequal, uniq_crazy_yiuf_cottage
D:4:      layout_cave_pools, lemuel_mausoleum_altar_kikubaaqudgha,
          chequers_serial_rivers_micro_b, minmay_shop_grid_forest, fountainhead,
          uniq_blork_the_orc, uniq_natasha
D:5:      layout_cave_pools, nicolae_gozag_cash_rules_everything_around_me,
          portal_sewer_entry_f, kennysheep_generic_room_9
D:6:      layout_rooms, ebering_ghost_reflecting_pool, kennysheep_potato
D:7:      layout_basic, amcnicky_altar_gilded, minmay_temple_entry_overgrown,
          nicolae_fountain_basement, uniq_maggie
D:8:      layout_basic, mainiacjoe_overflow_concentric_impassable, kb_rosetta
D:9:      layout_basic, old_standard_altar, chequers_temple_overflow_minitemple
D:10:     layout_basic, marbit_many_paths, mainiacjoe_overflow_alcove_4,
          worms_lemuel, uniq_grum

Skill      XL: |  1  2  3  4  5  6  7  8  9 10 |
---------------+-------------------------------+-----
Short Blades   | 1 2 3 5 6 |  6.2
Long Blades    | 1 2 3 5 6 |  6.2
Axes           | 1 2 3 5 6 |  6.2
Maces & Flails | 1 2 3 5 6 |  6.2
Polearms       | 1 2 3 5 6 |  6.2
Staves         | 1 2 3 5 6 |  6.2
Ranged Weapons | 1 2 3 5 6 |  6.2
Armour         | 1 2 3 5 6 |  6.2
Dodging        | 1 2 3 5 6 |  6.2
Shields        | 1 2 3 5 6 |  6.2
Unarmed Combat | 1 2 3 5 6 |  6.2
Spellcasting   | 3 4 5 6 |  6.8
Hexes          | 1 2 3 4 5 |  5.1
Summonings     | 1 2 3 4 5 |  5.1
Necromancy     | 1 2 3 4 5 |  5.1
Translocations | 1 2 3 4 5 |  5.1
Transmutations | 1 2 3 4 5 |  5.1
Fire Magic     | 1 2 3 4 5 |  5.1
Ice Magic      | 1 2 3 4 5 |  5.1
Air Magic      | 1 2 3 4 5 |  5.1
Earth Magic    | 1 2 3 4 5 |  5.1
Poison Magic   | 1 2 3 4 5 |  5.1
Invocations    | 3 4 5 6 7 |  7.3
Throwing       | 3 4 5 6 |  6.7
Conjurations   | 4 5 6 |  6.4
Stealth        | 3 4 5 6 |  6.6
Fighting       | 5 6 7 |  7.8
Evocations     | 5 6 7 |  7.8

Action                     |  1- 3 |  4- 6 |  7- 9 | 10-12 || total
---------------------------+-------+-------+-------+-------++-------
  Melee: Dagger            |   158 |    21 |       |       ||   179
         Bite              |    12 |    15 |    29 |    40 ||    96
         Punch             |     4 |       |       |    13 ||    17
         Quarterstaff      |       |    78 |   266 |    36 ||   380
         Short sword       |       |       |       |   176 ||   176
   Cast: Magic Dart        |    51 |    16 |    13 |    24 ||   104
         Hailstorm         |     1 |     4 |     7 |     3 ||    15
         Poisonous Vapours |       |     7 |    40 |    14 ||    61
         Olgreb's Toxic Ra |       |       |       |    17 ||    17
    Use: Scroll            |       |       |     7 |    10 ||    17
         Potion            |       |       |     2 |     3 ||     5
   Stab: Sleeping          |     3 |     1 |    11 |     4 ||    19
         Petrified         |       |     3 |       |       ||     3
         Petrifying        |       |     2 |       |       ||     2
         Paralysed         |       |       |     2 |     2 ||     4
 Armour: Robe              |    52 |    24 |    20 |       ||    96
         Troll leather arm |       |       |    41 |       ||    41
         Steam dragon scal |       |       |     4 |    33 ||    37
  Dodge: Dodged            |   148 |   118 |   411 |   187 ||   864

Table legend: (Time is in decaauts)
 A = Elapsed time spent in this place.
 B = Non-inter-level travel time spent in this place.
 C = Inter-level travel time spent in this place.
 D = Time resting spent in this place.
 E = Time spent auto-exploring this place.
 F = Levels seen in this place.
 G = Mean time per level.
                   A        B        C        D        E       F      G
               +--------+--------+--------+--------+--------+-----+--------+
         Total |   9519 |   9292 |    227 |   2307 |   3931 |  11 |  865.4 |
       Dungeon |   9378 |   9151 |    227 |   2307 |   3911 |  10 |  937.8 |
         Sewer |    140 |    140 |      0 |      0 |     20 |   1 |  140.0 |
               +--------+--------+--------+--------+--------+-----+--------+

Top non-repeatable levels by time:
     D:1: 1255 daAuts
     D:4: 1198 daAuts
     D:8: 1154 daAuts
     D:7: 1153 daAuts
     D:3: 1024 daAuts
     D:9: 946 daAuts
     D:5: 827 daAuts
     D:6: 734 daAuts
     D:2: 696 daAuts
    D:10: 387 daAuts
   Sewer: 140 daAuts
